 Dungeon Crawl Stone Soup version 0.30-a0-1160-g6e42c06 (webtiles) character file.

Game seed: 80523064402366137

124 Dorkslayer the Covered (level 5, -3/32 HPs)
             Began as a Gargoyle Fighter on Apr 25, 2023.
             Engulfed by a cloud of flame (23 damage)
             ... on level 3 of the Dungeon.
             The game lasted 00:03:22 (1440 turns).

Dorkslayer the Covered (Gargoyle Fighter)           Turns: 1440, Time: 00:03:22

Health: -3/32      AC: 11    Str: 25    XL:     5   Next: 8%
Magic:  5/5        EV: 10    Int: 15    God:
Gold:   93         SH:  4    Dex: 11    Spells: 4/4 levels left

rFire   . . .        a - +0 war axe
rCold   . . .        c - +0 buckler
rNeg    + . .        b - +0 scale mail
rPois   ∞            (no helmet)
rElec   +            (no cloak)
rCorr   .            (no gloves)
SInv    .            (no boots)
Will    .....        e - amulet of regeneration Stlth
                     r - +6 ring of strength
HPRegen 1.05/turn    q - +6 ring of intelligence
MPRegen 0.09/turn

%: no passive effects
@: no status effects
A: sickness immunity, AC +4, negative energy resistance 1, electricity
resistance, torment resistance 1, petrification resistance
a: no special abilities


You were on level 3 of the Dungeon.
You visited 1 branch of the dungeon, and saw 3 of its levels.

You collected 93 gold pieces.

Inventory:

Hand Weapons
 a - a +0 war axe (weapon)
 o - a +0 mace of holy wrath
Armour
 b - a +0 scale mail (worn)
 c - a +0 buckler (worn)
Jewellery
 e - an amulet of regeneration (around neck)
 q - a +6 ring of intelligence (right hand)
 r - a +6 ring of strength (left hand)
Scrolls
 j - a scroll of identify {unknown}
 k - a scroll of fog {unknown}
 l - a scroll of vulnerability {unknown}
 m - a scroll of poison {unknown}
 n - a scroll of blinking {unknown}
 u - a scroll of torment {unknown}
 w - a scroll of summoning {unknown}
Potions
 d - 2 potions of might
 g - a potion of magic {unknown}
 h - a potion of invisibility {unknown}
 i - a potion of curing {unknown}
 p - a potion of ambrosia {unknown}
 s - a potion of degeneration {unknown}
 t - a potion of berserk rage {unknown}
 v - a potion of haste {unknown}


   Skills:
 + Level 3.6 Fighting
 + Level 3.1 Axes
 + Level 4.0 Armour
 * Level 1.4 Dodging
 + Level 3.8 Shields


You had 4 spell levels left.
You didn't know any spells.
Your spell library contained the following spells:

 Spells                   Type           Power      Damage    Failure   Level
 Inner Flame              Hex/Fire       0%         N/A       92%         3
 Yara's Violent Unravell  Hex/Tmut       0%         3d3       100%        5
 Enfeeble                 Hex            0%         N/A       100%        7


Dungeon Overview and Level Annotations

Branches:
Dungeon (3/15)

Altars:


Innate Abilities, Weirdness & Mutations

You are immune to sickness and miasma.
Your stone body is resilient. (AC +4)
You are immune to poison.
You resist negative energy. (rN+)
You are resistant to electric shocks. (rElec)
You are resistant to unholy torment.
You are immune to petrification.


Message History

A ball python comes into view.
The ball python hisses angrily.
The ball python closely misses you. The ball python grabs you.
The ball python constricts you.
You closely miss the ball python. The ball python barely misses you.
The ball python constricts you.
The ball python bites you but does no damage.
The ball python constricts you.
You closely miss the ball python. The ball python barely misses you.
The ball python constricts you.
You hit the ball python.
The ball python is moderately wounded.
The ball python bites you but does no damage.
The ball python constricts you.
The ball python bites you but does no damage.
The ball python constricts you.
You slash the ball python!
You kill the ball python!
You see here a ring of poison resistance.
Done exploring.
Done exploring.
You see here a ring of poison resistance.
There is a stone staircase leading down here.
Okay, then.
You climb downwards.
The kobold shouts!
There is a stone staircase leading up here.
As you read the scroll labelled BOUCIMAOBE, it crumbles to dust.
The creatures around you are filled with an inner flame!
It was a scroll of immolation.
Okay, then.
You aren't carrying any items that you can evoke.
Unknown command.
The kobold throws a stone.
The stone hits you but does no damage. The kobold hits you but does no damage.
You slash the kobold!
The kobold explodes!
The fiery explosion engulfs you!
You are engulfed in blazing flames.
Ouch! That really hurt!
You die...

..#.# #.#.#
###.#.#
###...#.#
.......###
.###.#.....
.....§§..##
......§@.<#
.....§§§..#
####.######
#


There were no monsters in sight!

Vanquished Creatures
  3 gnolls (D:2)
  3 adders (D:2)
  A worm (D:2)
  6 ball pythons
  5 bats
  A bat zombie (D:2)
  2 endoplasms
  3 giant cockroaches
  6 goblins
  4 hobgoblins
  13 jackals
  2 quokkas (D:1)
  3 frilled lizards
  4 kobolds
  5 rats
61 creatures vanquished.

Notes
Turn   | Place    | Note
-------+----------+-------------------------------------------
     0 | D:1      | Dorkslayer the Gargoyle Fighter began the quest for the
                  | Orb.
     0 | D:1      | Reached XP level 1. HP: 14/14 MP: 1/1
   295 | D:1      | Reached XP level 2. HP: 18/19 MP: 2/2
   438 | D:1      | Reached XP level 3. HP: 23/23 MP: 3/3
   812 | D:2      | Reached skill level 1 in Dodging
   824 | D:2      | Reached XP level 4. HP: 28/28 MP: 4/4
  1268 | D:2      | Reached skill level 4 in Armour
  1268 | D:2      | Reached XP level 5. HP: 32/32 MP: 5/5
  1440 | D:3      | Engulfed by a cloud of flame

Illustrated notes

Levels and vault maps discovered:
D:1:      noname_arrival_rooms_in_the_neighbourhood, layout_basic,
          grunt_decor_one_mirror, chequers_arboretum, minivault_27,
          columned_hall_lemuel
D:2:      layout_loops_ring, serial_undead, serial_undead_e, serial_undead_f,
          serial_undead_e, serial_undead_b, grunt_decor_junction
D:3:      layout_basic, elyvilon_altar_1, mainiacjoe_overflow_cross_hatched,
          minmay_between

Skill      XL: |  1  2  3  4 |
---------------+-------------+-----
Axes           | 2 3 |  3.1
Dodging        | 1 |  1.4
Armour         | 4 |  4.0
Fighting       | |  3.6
Shields        | |  3.8

Action                     |  1- 3 |  4- 6 || total
---------------------------+-------+-------++-------
  Melee: War axe           |   101 |    51 ||   152
    Use: Scroll            |       |     1 ||     1
 Armour: Scale mail        |    87 |    37 ||   124
  Dodge: Dodged            |    58 |    34 ||    92
  Block: Buckler           |    32 |    20 ||    52

Table legend: (Time is in decaauts)
 A = Elapsed time spent in this place.
 B = Non-inter-level travel time spent in this place.
 C = Inter-level travel time spent in this place.
 D = Time resting spent in this place.
 E = Time spent auto-exploring this place.
 F = Levels seen in this place.
 G = Mean time per level.
                   A        B        C        D        E       F      G
               +--------+--------+--------+--------+--------+-----+--------+
         Total |   1501 |   1501 |      0 |      0 |    698 |   3 |  500.3 |
       Dungeon |   1501 |   1501 |      0 |      0 |    698 |   3 |  500.3 |
               +--------+--------+--------+--------+--------+-----+--------+

Top non-repeatable levels by time:
     D:2: 775 daAuts
     D:1: 722 daAuts
     D:3: 3 daAuts
